 Dungeon Crawl Stone Soup version 0.28.0-47-ge53b351184 (webtiles) character file.

Game seed: 8054862823330119699

151 Peloso the Covered (level 5, -2/47 HPs)
             Began as a Minotaur Fighter on May 7, 2022.
             Slain by a gnoll
             ... wielding a +0 halberd
              (12 damage)
             ... on level 3 of the Dungeon.
             The game lasted 00:03:33 (2814 turns).

Peloso the Covered (Minotaur Fighter)               Turns: 2814, Time: 00:03:33

Health: -2/47      AC:  8    Str: 20    XL:     5   Next: 11%
Magic:  4/4        EV:  9    Int:  5    God:
Gold:   58         SH:  5    Dex: 12    Spells: 4/4 levels left

rFire   . . .      SeeInvis .   a - +0 long sword
rCold   . . .      Faith    .   c - +0 buckler
rNeg    . . .      Spirit   .   b - +0 scale mail
rPois   +          Reflect  .   (helmet restricted)
rElec   .          Harm     .   e - +0 cloak
rCorr   .          Rampage  .   (no gloves)
Will    .....                   (no boots)
Stlth   ..........              (no amulet)
HPRegen 0.15/turn               h - ring of poison resistance
MPRegen 0.09/turn               (no ring)

@: no status effects
A: horns 2, retaliatory headbutt
a: no special abilities


You were on level 3 of the Dungeon.
You visited 1 branch of the dungeon, and saw 3 of its levels.

You collected 58 gold pieces.

Inventory:

Hand Weapons
 a - a +0 long sword (weapon)
Armour
 b - a +0 scale mail (worn)
 c - a +0 buckler (worn)
 e - a +0 cloak (worn)
Jewellery
 h - a ring of poison resistance (left hand)
 k - a ring of magical power
Scrolls
 f - 4 scrolls of identify
 i - a scroll of enchant weapon
 j - a scroll of fog
 l - a scroll of fear
 m - a scroll of vulnerability {unknown}
Potions
 d - a potion of might


   Skills:
 + Level 4.4 Fighting
 + Level 3.9 Long Blades
 + Level 4.9 Armour
 + Level 0.6 Dodging
 + Level 4.5 Shields


You had 4 spell levels left.
You didn't know any spells.
Your spell library contained the following spells:

 Spells                   Type           Power      Damage    Failure   Level
 Magic Dart               Conj           0%         1d3       88%         1
 Call Imp                 Summ           0%         N/A       96%         2
 Sublimation of Blood     Necr           0%         N/A       96%         2
 Mephitic Cloud           Conj/Pois/Air  0%         N/A       99%         3
 Petrify                  Tmut/Erth      0%         N/A       100%        4
 Irradiate                Conj/Tmut      0%         3d14      100%        5


Dungeon Overview and Level Annotations

Branches:
Dungeon (3/15)

Altars:
Ashenzari
Elyvilon

Annotations:
D:3 Grinder


Innate Abilities, Weirdness & Mutations

You have a pair of horns on your head.
You reflexively headbutt those who attack you in melee.


Message History

A kobold comes into view. It is wielding a +0 short sword.
The kobold shouts!
The gnoll shouts!
The gnoll hits you but does no damage. You block the adder's attack.
You hit the gnoll. Your headbutt misses the gnoll.
The gnoll is moderately wounded.
The adder bites you but does no damage. You block the gnoll's attack.
The gnoll hits you from afar with a +0 halberd.
You hit the gnoll.
The gnoll is heavily wounded.
The adder barely misses you. You furiously retaliate!
You headbutt the adder. You block the gnoll's attack.
The gnoll hits you from afar with a +0 halberd.
The adder bites you but does no damage. The gnoll closely misses you.
You hit the gnoll.
The gnoll is almost dead.
The adder bites you but does no damage.
The gnoll hits you from afar with a +0 halberd!
The gnoll hits you with a +0 spear. The adder bites you but does no damage.
You barely miss the gnoll.
The gnoll is almost dead.
The gnoll hits you from afar with a +0 halberd!
* * * LOW HITPOINT WARNING * * *
The adder bites you.
* * * LOW HITPOINT WARNING * * *
The gnoll completely misses you. You furiously retaliate!
You headbutt the gnoll.
You kill the gnoll!
You block the gnoll's attack.
You miss the adder.
The adder is moderately wounded.
The adder bites you but does no damage. You block the gnoll's attack.
The adder bites you.
* * * LOW HITPOINT WARNING * * *
Unknown command.
You barely miss the adder.
You headbutt the adder, but do no damage.
The adder is moderately wounded.
The adder bites you but does no damage.
The gnoll hits you from afar with a +0 halberd!
You die...

...........#
...........# .#
.....####### ..
.....# #. ######
.## + .K# # #g#
# #)# # ### ##@#
# ##.## ##S## #
#
#...#####...##.#
####
.8.......8....#
...#
...#####...#$.#
##.## #.#
##)##..... #..#
#.# #.# .##.#
##.###.# #.# ..
. #..##.# #.# ##


You could see a gnoll, an adder and a kobold.

Vanquished Creatures
  A bullfrog zombie (D:3)
  Jessica (D:2)
  2 gnolls (D:3)
  An adder (D:2)
  3 worms
  A dart slug (D:2)
  6 bats
  4 endoplasms
  4 giant cockroaches
  4 goblins
  3 hobgoblins
  3 jackals (D:3)
  3 quokkas
  5 ball pythons
  3 frilled lizards
  3 kobolds
  10 rats
57 creatures vanquished.

Notes
Turn   | Place    | Note
-------+----------+-------------------------------------------
     0 | D:1      | Peloso the Minotaur Fighter began the quest for the Orb.
     0 | D:1      | Reached XP level 1. HP: 19/19 MP: 0/0
   270 | D:1      | Reached XP level 2. HP: 25/27 MP: 1/1
   422 | D:1      | Found a faded altar of an unknown god.
  1245 | D:2      | Found a white marble altar of Elyvilon.
  1420 | D:2      | Noticed Jessica
  1422 | D:2      | Killed Jessica
  1423 | D:2      | Reached XP level 3. HP: 33/33 MP: 2/2
  1701 | D:2      | Reached XP level 4. HP: 37/40 MP: 3/3
  2183 | D:3      | Found a broken altar of Ashenzari.
  2444 | D:3      | Noticed Grinder
  2446 | D:3      | Paralysed by Grinder for 3 turns
  2796 | D:3      | Reached XP level 5. HP: 46/47 MP: 4/4
  2814 | D:3      | Slain by a gnoll

Illustrated notes

Levels and vault maps discovered:
D:1:      dpeg_arrival_chambers_temple_mockup, layout_loops_corners,
          ebering_ecumenical_altar_mist, minivault_5
D:2:      layout_loops_corners, basic_altar, uniq_jessica
D:3:      layout_basic, overflow_temple_1_default, serial_park_tiny_pond,
          minmay_misc_feat_tower, supply_closet_lemuel,
          nicolae_elevator_lobby_plus, uniq_grinder

Skill      XL: |  1  2 |
---------------+-------+-----
Armour         | 4 |  4.9
Fighting       | 4 |  4.4
Shields        | 4 |  4.5
Long Blades    | 3 |  3.9
Dodging        | |  0.6

Action                   |  1- 3 |  4- 6 || total
-------------------------+-------+-------++-------
Melee: Long sword        |    71 |    66 ||   137
       Headbutt          |    10 |     8 ||    18
  Use: Potion            |     2 |       ||     2
       Scroll            |     1 |     5 ||     6
Armor: Scale mail        |    28 |    30 ||    58
Dodge: Dodged            |    31 |    41 ||    72
Block: Buckler           |    15 |    22 ||    37
